 Dungeon Crawl Stone Soup version 0.18.1-50-g88ac8fd (webtiles) character file.

235 Ginkk the Skirmisher (level 5, -14/42 HPs)
             Began as a Demonspawn Abyssal Knight on Sept 16, 2016.
             Was a Believer of Lugonu.
             Demolished by stevezissou's ghost (19 damage)
             ... on level 5 of the Dungeon.
             The game lasted 00:22:40 (3358 turns).

Ginkk the Skirmisher (Demonspawn Abyssal Knight)    Turns: 3358, Time: 00:22:40

Health: -14/42     AC:  6    Str: 13    XL:     5   Next: 76%
Magic:  0/6        EV:  5    Int: 13    God:    Lugonu [**....]
Gold:   135        SH: 11    Dex: 13    Spells: 0 memorised, 4 levels left

rFire  . . .     SeeInvis .     a - +1 mace
rCold  . . .     Gourm    .     r - +0 scale mail
rNeg   . . .     Faith    .     d - +0 large shield
rPois  .         Spirit   +     (helmet restricted)
rElec  .         Dismiss  .     (no cloak)
rCorr  +         Reflect  .     (no gloves)
SustAt .         Harm     .     (no boots)
MR     .....                    (no amulet)
Stlth  ..........               (no ring)
                                k - ring of resist corrosion

@: not resistant to hostile enchantments, extremely unstealthy
A: horns 1, magic shield
a: Depart the Abyss, Bend Space, Renounce Religion


You were on level 5 of the Dungeon.
You worshipped Lugonu.
Lugonu was pleased with you.
You were not hungry.

You visited 1 branch of the dungeon, and saw 5 of its levels.
You visited the Abyss 1 time.

You collected 135 gold pieces.

Inventory:

Hand Weapons
 a - a +1 mace (weapon)
 q - a +0 blowgun
 s - a +0 quarterstaff
Missiles
 b - 33 poisoned needles
 h - 24 arrows
 j - 61 sling bullets
 n - 100 stones (quivered)
 o - 2 large rocks
Armour
 d - a +0 large shield (worn)
 e - a +0 helmet
 g - a +0 ring mail
 r - a +0 scale mail (worn)
Jewellery
 k - a ring of resist corrosion (left hand)
Wands
 l - a wand of polymorph (6/24)
Scrolls
 f - a scroll of blinking
Books
 t - a Grand Grimoire

   Spells                             Type                      Level
   a - Monstrous Menagerie            Summoning                    7
   b - Summon Greater Demon           Summoning                    7
   c - Malign Gateway                 Summoning/Translocation      7
   d - Summon Horrible Things         Summoning                    8
Miscellaneous
 i - a stone of tremors (inert)
Comestibles
 c - 5 bread rations
 m - 2 chunks of flesh
 p - 3 fruits


   Skills:
 + Level 3.9 Fighting
 + Level 2.6 Maces & Flails
 + Level 1.0 Throwing
 + Level 3.1 Armour
 + Level 2.1 Dodging
 + Level 0.8 Stealth
 + Level 1.4 Shields
 + Level 2.5 Invocations


You had 4 spell levels left.
You didn't know any spells.

Dungeon Overview and Level Annotations

Branches:
Dungeon (5/15)
 Temple: D:4-7

Altars:
Qazlal

Shops:
D:5 }

Annotations:
D:5 stevezissou's ghost, novice OgBe


Innate Abilities, Weirdness & Mutations

You have a pair of small horns on your head.
When hurt, damage is shared between your health and your magic reserves.


Message History

You sock stevezissou's ghost!
Stevezissou's ghost is lightly damaged.
You block stevezissou's ghost's attack.
You hit stevezissou's ghost.
Stevezissou's ghost is lightly damaged.
Stevezissou's ghost hits you. Stevezissou's ghost hits you!!
Ouch! That really hurt!
* * * LOW HITPOINT WARNING * * *
You hit stevezissou's ghost.
Stevezissou's ghost is lightly damaged.
You block stevezissou's ghost's attack.
You hit stevezissou's ghost.
You headbutt stevezissou's ghost, but do no damage.
Stevezissou's ghost is moderately damaged.
Stevezissou's ghost hits you.
* * * LOW HITPOINT WARNING * * *
You closely miss stevezissou's ghost. You headbutt stevezissou's ghost.
Stevezissou's ghost is moderately damaged.
You block stevezissou's ghost's attack. Stevezissou's ghost hits you!!
You die...

#..........#.
#..............
#...#......#...
#...#......#.#
##.....#.....##
##.............#
#.....♣.........
#<......W...(...
#....♣∩♣@.......
#......<........
#.....♣........?
##.............#
#............##
....####.###..#
.#### #.# #...
.. #.# #..


You could see stevezissou's ghost.

Vanquished Creatures
  A giant frog (D:5)
  An orc priest (D:3)
  An orc wizard (D:3)
  A river rat (D:3)
  2 adders
  An ooze (D:3)
  A worm (D:3)
  A dart slug (D:3)
  A giant gecko (D:1)
  8 orcs (D:3)
  A ball python (D:2)
  7 bats
  4 giant cockroaches
  8 goblins
  6 hobgoblins
  3 jackals (D:2)
  2 quokkas
  2 giant newts
  9 kobolds
  8 rats
68 creatures vanquished.

Notes
Turn   | Place    | Note
--------------------------------------------------------------
     0 | Abyss:1  | Ginkk the Demonspawn Abyssal Knight began the quest for the Orb.
     0 | Abyss:1  | Reached XP level 1. HP: 18/18 MP: 2/2
    77 | Abyss:1  | Noticed a small abomination
    83 | Abyss:2  | Found a corrupted altar of Lugonu.
   115 | Abyss:2  | Noticed a bone dragon
   119 | D:1      | Escaped the Abyss
   281 | D:1      | Reached skill level 1 in Dodging
   281 | D:1      | Gained mutation: When hurt, damage is shared between your health and your magic reserves. [demonic ancestry]
   281 | D:1      | Reached XP level 2. HP: 16/24 MP: 3/3
   287 | D:1      | Reached * piety under Lugonu
   758 | D:3      | Reached XP level 3. HP: 29/29 MP: 4/4
   824 | D:4      | Found a stormy altar of Qazlal.
   825 | D:4      | Noticed an air elemental
   828 | D:4      | Noticed an earth elemental
   828 | D:4      | Noticed a fire elemental
   828 | D:4      | Noticed a water elemental
   958 | D:3      | Noticed a giant frog
   976 | D:3      | Gained mutation: You have a pair of small horns on your head. [demonic ancestry]
   976 | D:3      | Reached XP level 4. HP: 8/37 MP: 1/5
  1277 | D:1      | Reached skill level 1 in Shields
  1538 | D:1      | Reached ** piety under Lugonu
  2527 | D:3      | Reached XP level 5. HP: 39/42 MP: 6/6
  2698 | D:3      | Noticed Jessica
  2702 | D:3      | Noticed Jessica
  2702 | D:3      | Jessica changed into Jessica the river rat
  2714 | D:3      | Killed Jessica the river rat
  3330 | D:5      | Entered Level 5 of the Dungeon
  3330 | D:5      | Found Cud Yjah's Gadget Emporium.
  3337 | D:5      | Reached skill level 1 in Throwing
  3347 | D:5      | Noticed stevezissou's ghost (novice OgBe)
  3358 | D:5      | Demolished by stevezissou's ghost

Skill      XL: |  1  2  3  4  5 |
---------------+----------------+-----
Armour         | 2 3 |  3.1
Dodging        | 1 2 |  2.1
Maces & Flails | 2 |  2.6
Shields        | 1 |  1.4
Throwing       | 1 |  1.0
Fighting       | |  3.9
Stealth        | |  0.8
Invocations    | |  2.5

Action                   |  1- 3 |  4- 6 || total
-------------------------+-------+-------++-------
Melee: Mace              |   108 |   135 ||   243
       Headbutt          |       |    14 ||    14
Throw: Stone             |     1 |    15 ||    16
Invok: Depart the Abyss  |     1 |       ||     1
Evoke: Stone of tremors  |       |     1 ||     1
       Wand              |       |     5 ||     5
  Use: Scroll            |     5 |       ||     5
       Potion            |     3 |     4 ||     7
  Eat: Chunk             |     1 |     7 ||     8
       Pizza             |       |     1 ||     1
Armor: Ring mail         |    45 |    30 ||    75
       Leather armour    |     3 |       ||     3
       Scale mail        |       |    15 ||    15
Dodge: Dodged            |    29 |    26 ||    55
Block: Large shield      |    57 |    94 ||   151
